 Dungeon Crawl Stone Soup version 0.10.0-32-gfa280cc character file.

78728 hihot the Tortoise (level 15, 0/125 HPs)
             Began as a Minotaur Fighter on Mar 8, 2012.
             Was the Champion of Okawaru.
             Succumbed to a swamp dragon's blast of poison
             ... on Level 5 of the Swamp on Mar 10, 2012.
             The game lasted 03:29:38 (35477 turns).

hihot the Tortoise (Minotaur Fighter)              Turns: 35477, Time: 03:29:38

HP   0/125       AC 32     Str 26      XL: 15   Next: 37%
MP  27/27        EV  5     Int  7      God: Okawaru [******]
Gold 590         SH 42     Dex 14      Spells:  0 memorised, 14 levels left

Res.Fire  : + + .   See Invis. : .   a - +1,+2 spiked flail (protect) {god gift}
Res.Cold  : . . .   Warding    : + . s - +2 plate armour of Impermeability {Int+2}
Life Prot.: + + .   Conserve   : +   X - +0 large shield
Res.Acid. : + . .   Res.Corr.  : +   h - +0 cap {god gift}
Res.Poison: .       Clarity    : .   A - +2 cloak {rCorr, Cons}
Res.Elec. : .       Spirit.Shd : .   e - +2 pair of gloves {Dex+3}
Sust.Abil.: . .     Stasis     : .   (no boots)
Res.Mut.  : .       Ctrl.Telep.: .   B - amulet of warding
Res.Rott. : .       Levitation : .   T - ring of sustenance
Saprovore : . . .   Ctrl.Flight: .   w - ring of the Good {rF++ rN+ MP+9 Acc-2}

@: quite poisoned, somewhat resistant to hostile enchantments, extremely
unstealthy
A: retaliatory headbutt, horns 2
a: Heroism, Finesse, Renounce Religion


You were on level 5 of the Swamp.
You worshipped Okawaru.
Okawaru was exalted by your worship.
You were very hungry.

You visited 6 branches of the dungeon, and saw 31 of its levels.
You visited 1 Labyrinth.
You visited 2 portal chambers: ossuary, ice cave.

You collected 1749 gold pieces.
You spent 1179 gold pieces at shops.

Inventory:

Hand weapons
 a - a +1,+2 spiked flail of protection (weapon) {god gift}
 i - a +4,+3 demon whip of reaching {god gift}
 l - the +8,+1 sling of the Forsaken Demons {god gift, venom, rF++ rC+}
   (Okawaru gifted it to you on level 5 of the Lair of Beasts)

   It poisons the ammo it fires.
   It greatly protects you from fire.
   It protects you from cold.
 U - the +2,-1 longbow "Acriz" {god gift, frost, rElec rC+ MR}
   (Okawaru gifted it to you on level 7 of the Lair of Beasts)

   It turns projectiles fired from it into bolts of frost.
   It protects you from cold.
   It insulates you from electricity.
   It increases your resistance to enchantments.
Missiles
 V - 16 +1 arrows
Armour
 e - a +2 pair of gloves of dexterity (worn)
 h - a +0 cap (worn) {god gift}
 s - the +2 plate armour of Impermeability (worn) {Int+2}
   (You acquired it on level 4 of the Orcish Mines)

   It affects your intelligence (+2).
 A - a +2 cloak of preservation (worn)
 G - a +0 plate armour of fire resistance
 X - a +0 large shield (worn)
Magical devices
 j - a wand of fire (4)
 K - a wand of digging (12)
 L - a wand of confusion (6)
 N - a wand of fire (0)
 R - a wand of fire (8)
 S - a wand of cold (7)
Comestibles
 c - 7 meat rations
 n - 4 grapes
 r - 7 pears
 H - 13 strawberries
Scrolls
 p - a scroll of amnesia
 z - a scroll of remove curse
 J - 9 scrolls of detect curse
 O - 2 scrolls of vulnerability
Jewellery
 w - the ring of the Good (left hand) {rF++ rN+ MP+9 Acc-2}
   (You found it on level 6 of the Dungeon)

   [ring of magical power]

   It affects your accuracy (-2).
   It greatly protects you from fire.
   It protects you from negative energy.
 y - an uncursed ring of see invisible
 B - an amulet of warding (around neck)
 M - a cursed ring of teleport control
 T - a ring of sustenance (right hand)
Potions
 b - 2 potions of levitation
 f - a potion of cure mutation
 m - a potion of restore abilities
 o - a potion of confusion {unknown}
 u - 4 potions of brilliance
 D - 3 potions of agility
 E - 3 potions of might
 I - a potion of gain strength {unknown}
Magical staves
 x - a +3 rod of destruction [ice] (5/16)
   (You found it in a Labyrinth)


   Skills:
 - Level 10.3 Fighting
 - Level 15.3 Maces & Flails
 - Level 16.5 Armour
 - Level 15.2 Shields
 + Level 15.0 Traps & Doors
 - Level 5.3 Invocations
 - Level 5.0 Evocations


You had 14 spell levels left.
You didn't know any spells.

Dungeon Overview and Level Annotations

Branches:
Dungeon (12/27)            Temple (1/1) D:7             Orc (4/4) D:6
   Lair (8/8) D:12          Swamp (5/5) Lair:4       Shoals (0/5) Lair:6
  Slime (1/6) Lair:6
    Elf: Orc:3-4

Altars:
Ashenzari
Elyvilon
Fedhas
Kikubaaqudgha
Makhleb
Nemelex Xobeh
Okawaru
Sif Muna
The Shining One
Vehumet
Xom
Yredelemnul
Zin
Jiyva

Shops:
D:11: ( Orc:4: [/*

Annotations
D:10 exclusion: oklob plant
Swamp:5 Margery


Innate Abilities, Weirdness & Mutations

You reflexively headbutt those who attack you in melee.
You have a pair of horns on your head.


Message History

* * * LOW HITPOINT WARNING * * *
You feel sick.
Unknown command.
You thump the swamp dragon but do no damage.
Your headbutt misses the swamp dragon.
The swamp dragon is heavily wounded.
* * * LOW HITPOINT WARNING * * *
You feel sick. The swamp dragon barely misses you.
You block the swamp dragon's attack.
Unknown command.
You thump the swamp dragon!
You headbutt the swamp dragon, but do no damage.
The swamp dragon is severely wounded.
* * * LOW HITPOINT WARNING * * *
You feel sick.
You feel a little better. You block the swamp dragon's attack.
You sock the swamp dragon!
The swamp dragon is severely wounded.
You die...

***###♣.♣≈≈≈≈≈≈≈≈.≈≈≈≈≈≈≈≈ ≈≈,,,
,,,**##♣≈♣≈♣♣≈.≈§...≈.≈,≈≈ ≈≈≈≈ ,
,,,,,*#♣≈≈≈≈≈≈.§≈≈≈...≈.≈≈≈≈≈≈,≈≈
,,,,,,##♣≈♣≈♣.≈≈≈≈......≈≈≈,,,,,,
,,,,,,*#♣≈♣≈≈.≈≈≈..≈§≈≈..,≈≈≈ ≈≈≈
,,,,, *♣♣♣♣≈♣.^.≈§≈≈.≈..≈≈≈ *≈≈**
,,, ,**♣≈♣♣≈♣♣♣≈≈§≈≈≈..§.§,≈≈≈*≈,
,,,,,**≈≈♣♣♣≈♣♣♣≈.≈♣≈≈≈§♣,,≈*≈ ≈,
,,,,**.♣≈≈♣♣§§§≈@D≈≈≈≈≈≈≈≈≈≈≈≈≈≈≈
,,,***≈≈§≈≈≈≈≈♣%§≈≈≈≈..≈≈≈≈≈,,≈≈,
* **,≈≈≈♣..♣≈≈≈♣♣♣♣§§≈...,,≈≈≈,≈*
,≈,,,..≈≈.§≈≈%.≈..≈§≈≈.§.,,,,,,,≈
,≈......§§♣♣≈...≈≈.≈≈♣..≈≈≈,*≈*≈≈
≈.l≈.≈≈..≈§§♣≈≈≈≈≈≈≈♣≈≈.§≈≈,≈*≈*≈
≈≈..≈≈≈....≈♣♣≈§....≈≈.≈≈≈≈.*≈≈≈≈
§.≈≈≈≈.≈≈..≈≈≈.§...≈.≈≈≈≈§.≈♣*≈≈≈
§...§≈≈≈≈≈..≈≈..§≈≈≈..≈≈≈≈≈.≈≈≈ ≈


You could see a swamp dragon.

Vanquished Creatures
  Maud (Lair:2)
  A stone giant (Orc:4)
  A minotaur (Lab)
  15 hydras
  7 alligators
  5 death yaks
  5 orc high priests (Orc:4)
  Erolcha (Orc:4)
  7 orc knights (Orc:4)
  A giant amoeba (D:9)
  An orc sorcerer (Orc:4)
  2 oklob plants (D:12)
  4 swamp dragons (Swamp:5)
  2 hill giants (D:11)
  A griffon (Lair:5)
  A sixfirhy (Orc:4)
  Maurice (D:12)
  A trapdoor spider (D:12)
  2 black mambas
  A queen ant (Lair:4)
  3 orange demons (Orc:4)
  15 spiny frogs
  An orc zombie (Orc:4)
  A slime creature (D:10)
  A queen bee (D:11)
  2 trolls
  4 komodo dragons
  3 elephants (Lair:4)
  5 bog mummies
  9 baby alligators (Swamp:2)
  A snapping turtle (Lair:6)
  6 basilisks
  14 blink frogs
  A wraith (D:12)
  16 yaks
  The ghost of Raumkraut the Skirmisher, an average HOFi (D:3)
  16 vampire mosquitoes
  A fire drake (Lair:7)
  7 war dogs
  10 hippogriffs
  3 soldier ants
  5 necrophages (D:9)
  A neqoxec (Orc:4)
  A manticore (D:11)
  31 swamp worms
  8 ice beasts
  2 sky beasts (D:10)
  4 giant goldfish (Swamp:2)
  9 swamp drakes
  22 orc warriors
  A red devil (Orc:4)
  5 ogres
  16 insubstantial wisps
  2 centaurs (D:5)
  4 wargs
  Sigmund (D:4)
  26 giant frogs
  4 wolves
  8 water moccasins
  A giant leech (Swamp:4)
  4 giant slugs
  A water moccasin skeleton (D:11)
  A boulder beetle (Lair:7)
  2 jellyfish (Swamp:3)
  21 killer bees
  11 electric eels
  A killer bee zombie (D:9)
  10 crocodiles
  3 agate snails
  A wight (D:9)
  2 crimson imps
  19 hounds
  A big kobold skeleton (D:7)
  A goliath beetle (D:8)
  9 iguanas
  31 orc priests
  3 scorpions
  2 hound skeletons
  4 big fish (Lair:2)
  16 worker ants
  A worker ant zombie (D:8)
  17 orc wizards
  23 sheep
  4 jellies
  9 porcupines
  11 mummies
  3 gnolls (D:7)
  86 green rats
  A giant centipede zombie (D:9)
  23 adders
  4 giant centipedes
  An adder skeleton (D:7)
  5 giant mites
  6 worms
  A bat skeleton (D:5)
  A bat zombie (D:5)
  A giant eyeball (D:11)
  6 giant geckos
  16 oozes
  125 orcs
  20 hobgoblins
  14 kobolds
  6 quokkas
  9 ant larvae (Lair:4)
  23 bats
  10 giant cockroaches
  A giant gecko zombie (D:8)
  4 giant newts
  13 goblins
  2 goblin skeletons (Port)
  A hobgoblin zombie (D:8)
  28 jackals
  3 kobold skeletons (Port)
  6 orc skeletons
  19 rats
  11 rat skeletons (Port)
  A rat zombie (D:5)
  5 fungi
  14 plants
  9 toadstools
1017 creatures vanquished.

Vanquished Creatures (others)
  A swamp dragon (Swamp:5)
  A swamp worm (Swamp:5)
  A sky beast (D:9)
  2 giant frogs
  A worker ant (Lair:4)
  A sheep (Lair:2)
  A green rat (Lair:4)
  5 orcs
  A goblin (D:4)
  A quokka (Lair:5)
  An ant larva (Lair:4)
  A kobold (D:9)
  3 fungi
  24 toadstools
44 creatures vanquished.

Grand Total: 1061 creatures vanquished

Notes
Turn   | Place    | Note
--------------------------------------------------------------
     0 | D:1      | hihot, the Minotaur Fighter, began the quest for the Orb.
     0 | D:1      | Reached XP level 1. HP: 19/19 MP: 0/0
    89 | D:1      | Reached XP level 2. HP: 26/26 MP: 0/0
   258 | D:1      | Reached skill level 4 in Maces & Flails
   868 | D:2      | Noticed a giant frog
   871 | D:2      | Killed a giant frog
   871 | D:2      | Reached skill level 5 in Shields
   871 | D:2      | Reached XP level 3. HP: 20/33 MP: 1/1
   871 | D:2      | Reached XP level 4. HP: 23/39 MP: 1/1
   872 | D:2      | Found a blossoming altar of Fedhas.
  1278 | D:2      | Reached skill level 6 in Shields
  1487 | D:3      | Noticed Raumkraut's ghost (average HOFi)
  1513 | D:3      | Killed Raumkraut's ghost
  1513 | D:3      | Reached skill level 7 in Shields
  1513 | D:3      | Reached XP level 5. HP: 25/46 MP: 1/1
  1513 | D:3      | Reached XP level 6. HP: 28/52 MP: 2/2
  1779 | D:4      | Noticed Sigmund
  1794 | D:4      | Killed Sigmund
  1794 | D:4      | Reached skill level 8 in Shields
  1937 | D:4      | Found a sparkling altar of Nemelex Xobeh.
  2335 | D:4      | Reached skill level 9 in Shields
  2993 | D:5      | Entered Level 5 of the Dungeon
  2996 | D:5      | Reached XP level 7. HP: 59/59 MP: 2/2
  3287 | D:5      | Reached skill level 10 in Shields
  3384 | D:5      | Found an ancient bone altar of Kikubaaqudgha.
  3643 | D:6      | Got a flickering silver ring
  3701 | D:6      | Identified the ring of the Good (You found it on level 6 of the Dungeon)
  3887 | D:6      | Reached skill level 5 in Armour
  3894 | D:6      | Found a staircase to the Orcish Mines.
  3936 | D:6      | Found a white marble altar of Elyvilon.
  4181 | D:7      | Reached XP level 8. HP: 60/66 MP: 2/2
  4226 | D:7      | Reached skill level 5 in Maces & Flails
  4346 | D:7      | Found a deep blue altar of Sif Muna.
  4481 | D:7      | Found a staircase to the Ecumenical Temple.
  4633 | Temple   | Entered the Ecumenical Temple
  4836 | Temple   | Became a worshipper of Warmaster Okawaru
  5053 | D:7      | Found a shattered altar of Ashenzari.
  5864 | D:8      | Found a sand-covered staircase. 5933
                  | ossuary
                  | Entered a tomb 5955
                  | ossuary
                  | Acquired Okawaru's first power
  6691 | D:8      | Reached XP level 9. HP: 65/72 MP: 3/3
  7237 | D:9      | Reached skill level 10 in Maces & Flails
  7353 | D:9      | Noticed a giant amoeba
  7357 | D:10     | Entered Level 10 of the Dungeon
  7566 | D:10     | Reached skill level 11 in Maces & Flails
  7735 | D:10     | Found an iron altar of Okawaru.
  7933 | D:10     | Upgraded the game from 0.10.0-14-ga75c42d to 0.10.0-32-gfa280cc
  8238 | D:11     | Noticed a queen bee
  8744 | D:11     | Reached skill level 12 in Maces & Flails
  8790 | D:11     | Reached XP level 10. HP: 75/79 MP: 3/3
  8896 | D:11     | Found Smaung's Antique Weapon Boutique.
  8938 | D:11     | Reached skill level 1 in Traps & Doors
  9372 | D:12     | Reached skill level 5 in Traps & Doors
  9611 | D:12     | Found a staircase to the Lair.
  9662 | D:12     | Found a labyrinth entrance.
  9671 | Lab      | Entered a Labyrinth
 10441 | Lab      | Got a fine chain mail
 10455 | Lab      | Identified a +2 rod of destruction [ice] (14/14) (You found it in a Labyrinth)
 10475 | Lab      | Identified the +3 chain mail of the Suburbs (You found it in a Labyrinth)
 10501 | Lab      | Identified a +1 cloak of preservation (You found it in a Labyrinth)
 10561 | D:12     | Noticed Maurice
 10569 | D:12     | Killed Maurice
 10569 | D:12     | Reached XP level 11. HP: 82/84 MP: 3/3
 11002 | Lair:1   | Entered Level 1 of the Lair of Beasts
 11110 | Lair:1   | Reached skill level 5 in Evocations
 11460 | Lair:1   | Found a frozen archway.
 11479 | IceCv    | Entered an ice cave
 12022 | Lair:1   | Reached skill level 10 in Traps & Doors
 12168 | Lair:1   | Found a crumbling entrance.
 12583 | Lair:1   | Reached skill level 5 in Fighting
 12641 | Lair:2   | Acquired Okawaru's second power
 12685 | Lair:2   | Noticed Maud
 13047 | Lair:2   | Killed Maud
 15439 | Lair:3   | Reached skill level 10 in Armour
 15558 | Lair:3   | Received a gift from Okawaru
 15578 | Lair:3   | Reached XP level 12. HP: 100/100 MP: 4/4
 15702 | Lair:4   | HP: 3/100 [komodo dragon (16)]
 16259 | Lair:4   | Reached skill level 13 in Maces & Flails
 16823 | Lair:4   | Reached skill level 14 in Maces & Flails
 16971 | Lair:4   | Found a staircase to the Swamp.
 17100 | Lair:4   | Received a gift from Okawaru
 17294 | Lair:4   | Reached skill level 15 in Maces & Flails
 18014 | Lair:5   | Reached skill level 10 in Fighting
 18814 | Lair:5   | Reached XP level 13. HP: 73/110 MP: 4/4
 18835 | Lair:5   | Received a gift from Okawaru
 18836 | Lair:5   | Got a dazzling sling {god gift}
 18841 | Lair:5   | Identified the sling of the Forsaken Demons {god gift, venom, rF++ rC+} (Okawaru gifted it to you on level 5 of the Lair of Beasts)
 20085 | Lair:6   | Found a viscous altar of Jiyva.
 20115 | Lair:6   | Found a staircase to the Slime Pits.
 20149 | Slime:1  | Entered Level 1 of the Pits of Slime
 20392 | Lair:6   | Found a staircase to the Shoals.
 20646 | Lair:7   | Reached skill level 15 in Armour
 21218 | Lair:7   | Received a gift from Okawaru
 21219 | Lair:7   | Got a slimy longbow {god gift}
 21220 | Lair:7   | Identified the longbow "Acriz" {god gift, frost, rElec rC+ MR} (Okawaru gifted it to you on level 7 of the Lair of Beasts)
 21831 | Lair:8   | Entered Level 8 of the Lair of Beasts
 21917 | Lair:8   | Identified a scroll of acquirement
 22448 | Lair:8   | Received a gift from Okawaru
 22809 | D:11     | Killed a queen bee
 23168 | D:9      | Killed a giant amoeba
 23185 | D:9      | Received a gift from Okawaru
 23730 | Orc:1    | Entered Level 1 of the Orcish Mines
 23978 | Orc:4    | Entered Level 4 of the Orcish Mines
 24416 | Orc:3    | Received a gift from Okawaru
 24422 | Orc:3    | Got an encrusted eveningstar {god gift}
 24423 | Orc:3    | Identified the eveningstar of the Nexus {god gift, elec, +Inv rF+ Dex+1} (Okawaru gifted it to you on level 3 of the Orcish Mines)
 24555 | Orc:4    | Noticed Erolcha
 24567 | Orc:4    | Killed Erolcha
 25196 | Orc:4    | Paralysed by an orc sorcerer for 3 turns
 25218 | Orc:3    | Reached skill level 15 in Shields
 25783 | Orc:2    | Received a gift from Okawaru
 26309 | Orc:4    | Noticed an orc high priest
 26317 | Orc:4    | Killed an orc high priest
 26455 | Orc:4    | Reached skill level 1 in Invocations
 26848 | Orc:4    | Reached XP level 14. HP: 104/118 MP: 9/9
 27256 | Orc:4    | Noticed an orc high priest
 27273 | Orc:4    | Killed an orc high priest
 27280 | Orc:4    | Noticed a stone giant
 27307 | Orc:4    | Killed a stone giant
 27307 | Orc:4    | Reached skill level 5 in Invocations
 27608 | Orc:4    | Noticed an orc high priest
 27630 | Orc:4    | Killed an orc high priest
 27754 | Orc:4    | Reached skill level 16 in Armour
 28358 | Orc:4    | Noticed an orc high priest
 28359 | Orc:4    | Noticed an orc high priest
 28367 | Orc:4    | Killed an orc high priest
 28558 | Orc:4    | Killed an orc high priest
 28727 | Orc:4    | Found Kocuocs' Food Shop.
 28727 | Orc:4    | Found Psiasadeck's Magical Wand Boutique.
 28730 | Orc:4    | Found Schaovu's General Store.
 28731 | Orc:4    | Found Twuag's Antique Armour Shop.
 28737 | Orc:4    | Bought a pear for 11 gold pieces
 28737 | Orc:4    | Bought a meat ration for 56 gold pieces
 28737 | Orc:4    | Bought a meat ration for 56 gold pieces
 28737 | Orc:4    | Bought a pear for 11 gold pieces
 28737 | Orc:4    | Bought a choko for 5 gold pieces
 28737 | Orc:4    | Bought a meat ration for 56 gold pieces
 28737 | Orc:4    | Bought a meat ration for 56 gold pieces
 28737 | Orc:4    | Bought a meat ration for 56 gold pieces
 28737 | Orc:4    | Bought a bread ration for 56 gold pieces
 28737 | Orc:4    | Bought a beef jerky for 25 gold pieces
 28737 | Orc:4    | Bought an apple for 11 gold pieces
 28743 | Orc:4    | Bought a scroll of acquirement for 780 gold pieces
 28746 | Orc:4    | Got a faintly glowing plate armour
 28770 | Orc:4    | Identified the +2 plate armour of Impermeability (You acquired it on level 4 of the Orcish Mines)
 29442 | Swamp:1  | Entered Level 1 of the Swamp
 30087 | Swamp:1  | Received a gift from Okawaru
 33007 | Swamp:3  | Reached XP level 15. HP: 125/125 MP: 18/18
 33132 | Swamp:3  | Got a slimy chain mail
 33154 | Swamp:3  | Identified the +4 chain mail of Insatiable Hunger (You found it on level 3 of the Swamp)
 33201 | Swamp:3  | Received a gift from Okawaru
 34084 | Swamp:5  | Entered Level 5 of the Swamp
 35191 | Swamp:5  | HP: 4/125 [four-headed hydra (8)]
 35209 | Swamp:5  | HP: 6/125 [poison (poison gas)]
 35215 | Swamp:5  | HP: 6/125 [poison (poison gas)]
 35220 | Swamp:5  | HP: 5/125 [poison (poison gas)]
 35226 | Swamp:5  | HP: 2/125 [poison (poison gas)]
 35410 | Swamp:5  | Noticed Margery
 35468 | Swamp:5  | Reached skill level 15 in Traps & Doors
 35469 | Swamp:5  | HP: 6/125 [swamp dragon/blast of poison (10)]
 35474 | Swamp:5  | HP: 3/125 [poisoned by a swamp dragon (blast of poison)]
 35476 | Swamp:5  | HP: 1/125 [poisoned by a swamp dragon (blast of poison)]
 35477 | Swamp:5  | Succumbed to a swamp dragon's blast of poison
